 Dungeon Crawl Stone Soup version 0.30.0-16-gbe6223bb7e (webtiles) character file.

Game seed: 18242293955410862101

2263 NateTC the Cleaver (level 9, -1/72 (77) HPs)
             Began as a Hill Orc Fighter on May 21, 2023.
             Was an Initiate of Gozag.
             Slain by Duvessa
             ... wielding a +0 rapier of venom
              (19 damage)
             ... on level 7 of the Dungeon.
             The game lasted 00:13:32 (5055 turns).

NateTC the Cleaver (Hill Orc Fighter)               Turns: 5055, Time: 00:13:33

HP:   -1/72 (77)    AC: 16    Str: 23    XL:     9   Next: 38%
MP:   9/9           EV:  7    Int: 14    God:    Gozag
Gold: 1219          SH:  9    Dex: 10    Spells: 8/8 levels left

rFire   . . .        a - +2 war axe
rCold   . . .        g - +1 kite shield
rNeg    . . .        m - +0 chain mail
rPois   .            (no helmet)
rElec   .            (no cloak)
rCorr   .            w - +0 pair of gloves
SInv    .            r - +0 pair of boots
Will    .....        u - amulet of regeneration Stlth
                     e - +6 ring of intelligence
HPRegen 1.12/turn    q - +4 ring of protection
MPRegen 0.11/turn

%: no passive effects
@: lethally poisoned (-1 -> -10), gold aura, drained
A: no striking features
a: Renounce Religion, Potion Petition, Call Merchant, Bribe Branch


You were on level 7 of the Dungeon.
You worshipped Gozag.
Gozag was most pleased with you.
You visited 1 branch of the dungeon, and saw 8 of its levels.

You collected 1250 gold pieces.
You paid 31 gold pieces to Gozag.

Inventory:

Hand Weapons
 a - a +2 war axe (weapon)
Armour
 g - a +1 kite shield (worn)
 m - a +0 chain mail (worn)
 r - a +0 pair of boots (worn)
 w - a +0 pair of gloves (worn)
Jewellery
 e - a +6 ring of intelligence (left hand)
 q - a +4 ring of protection (right hand)
 u - an amulet of regeneration (around neck)
Wands
 h - a wand of flame (7)
 l - a wand of charming (10)
Scrolls
 b - a scroll of fear
 c - 2 scrolls of silence
 k - a scroll of fog
 n - a scroll of poison
 v - 2 scrolls of teleportation
Potions
 d - a potion of might
 f - 4 potions of curing
 i - 3 potions of brilliance
 j - 3 potions of flight
 o - 2 potions of magic {unknown}
 p - a potion of ambrosia
 t - a potion of degeneration {unknown}
 x - 2 potions of mutation {unknown}
 z - 2 potions of resistance {unknown}
 A - a potion of berserk rage {unknown}


   Skills:
 * Level 6.3 Fighting
 - Level 13.2 Axes
 * Level 5.2 Armour
 * Level 5.2 Shields


You had 8 spell levels left.
You didn't know any spells.
Your spell library contained the following spells:

 Spells                   Type           Power      Damage    Failure   Level
 Apportation              Tloc           0%         N/A       98%         1
 Necrotise                Necr           0%         1d4       98%         1
 Sting                    Tmut/Pois      0%         1d3       98%         1
 Summon Small Mammal      Summ           0%         N/A       98%         1
 Cigotuvi's Dreadful Rot  Necr/Pois/Air  0%         N/A       99%         2
 Poisonous Vapours        Pois/Air       0%         N/A       99%         2
 Sublimation of Blood     Necr           0%         N/A       99%         2
 Wereblood                Tmut           0%         N/A       99%         2
 Ignite Poison            Fire/Tmut/Pois 0%         N/A       100%        3
 Leda's Liquefaction      Hex/Erth       0%         N/A       100%        4
 Olgreb's Toxic Radiance  Pois           0%         N/A       100%        4
 Freezing Cloud           Conj/Ice/Air   0%         6-21      100%        5
 Lee's Rapid Deconstruct  Erth           0%         3d4*      100%        5
 Statue Form              Tmut/Erth      0%         N/A       100%        6
 Summon Hydra             Summ           0%         N/A       100%        7


Dungeon Overview and Level Annotations

Branches:
Dungeon (8/15) Zot: 25760  Temple (0/1) D:6
   Lair: D:8-11

Altars:
Cheibriados
Gozag

Annotations:
D:7 Duvessa


Message History

You hit something.
You feel very sick. Dowan casts a spell at you.
Something completely misses you.
You barely miss something.
You feel sick.
You feel very sick.
Dowan mumbles some strange words.
Dowan blinks!
Something hits you but does no damage.
You are more poisoned.
You feel very sick.
You feel very sick.
You feel very sick.
You hit something. You hit Dowan.
You feel very sick.
Dowan casts a spell.
Dowan blinks!
Something hits you but does no damage.
You are more poisoned.
You feel very sick.
You miss something. You hit Dowan.
You feel very sick. You block Dowan's attack. You block something's attack.
You closely miss something. You hit Dowan but do no damage.
You feel sick. You block Dowan's attack. Something hits you but does no damage.
You slice Dowan!!
You kill Dowan!
Something shouts wrathfully, "No!"
You miss something.
You feel sick. Something hits you!
You closely miss something.
You feel sick. Something hits you but does no damage.
You are more poisoned.
You miss something.
You feel very sick. Something hits you! Something hits you.
* * * LOW HITPOINT WARNING * * *
You are more poisoned.
You miss something.
You feel very sick. Something hits you!!
You die...
Your body crumbles into a pile of gold.

####.#
####....#
##.......##
..........#
..........#
..........###
#.........##
#..$@{....###
.
##..#####...##
... #..#
###..###...>.
#..#
###<.......
#.# ##.......
... ##..>..
... .... ..
... ..


There were no monsters in sight!

Vanquished Creatures
  Pikel (D:5)
  A steam dragon (D:7)
  A black bear (D:6)
  A centaur (D:5)
  A lemure (D:5)
  A phantom (D:5)
  2 kobold brigands (D:6)
  Blork the orc (D:5)
  2 scorpions (D:5)
  5 wights (D:6)
  Dowan (D:7)
  2 howler monkeys
  A jelly (D:5)
  3 hounds
  A sleepcap (D:3)
  4 iguanas
  A gnoll bouda (D:5)
  Ijyb (D:5)
  5 orc wizards
  6 gnolls
  10 adders
  2 shadow imps (D:7)
  A white imp (D:5)
  An ufetubus (D:6)
  4 dart slugs
  18 orcs
  An endoplasm (D:2)
  A giant cockroach (D:1)
  15 hobgoblins
  2 jackals (D:3)
  16 kobolds
  4 quokkas
  6 ball pythons
  5 bats
  9 frilled lizards
  7 goblins
  2 rats
145 creatures vanquished.

Notes
Turn   | Place    | Note
-------+----------+-------------------------------------------
     0 | D:1      | NateTC the Hill Orc Fighter began the quest for the Orb.
     0 | D:1      | Reached XP level 1. HP: 19/19 MP: 1/1
    24 | D:1      | Reached skill level 3 in Axes
   170 | D:1      | Reached XP level 2. HP: 27/27 MP: 2/2
   670 | D:2      | Found an opulent altar of Gozag.
   713 | D:2      | Became a worshipper of Gozag Ym Sagoz the Greedy
   771 | D:2      | Reached skill level 4 in Axes
   771 | D:2      | Reached XP level 3. HP: 28/33 MP: 3/3
  1001 | D:2      | Reached XP level 4. HP: 41/41 MP: 4/4
  1270 | D:3      | Reached skill level 5 in Axes
  2217 | D:3      | Reached skill level 6 in Axes
  2217 | D:3      | Reached XP level 5. HP: 46/47 MP: 5/5
  2424 | D:4      | Reached skill level 7 in Axes
  2440 | D:4      | Found a snail-covered altar of Cheibriados.
  2544 | D:4      | Reached XP level 6. HP: 42/53 MP: 6/6
  2658 | D:5      | Entered Level 5 of the Dungeon
  2658 | D:5      | Noticed Blork the orc
  2669 | D:5      | Killed Blork the orc
  2670 | D:5      | Reached skill level 8 in Axes
  2859 | D:5      | Reached skill level 9 in Axes
  2909 | D:5      | Noticed Pikel
  2922 | D:5      | Reached XP level 7. HP: 57/60 MP: 7/7
  2945 | D:5      | Killed Pikel
  2946 | D:5      | Reached skill level 11 in Axes
  2946 | D:5      | Reached XP level 8. HP: 23/67 MP: 8/8
  3122 | D:5      | Reached skill level 12 in Axes
  3454 | D:5      | Noticed Ijyb
  3470 | D:5      | Killed Ijyb
  3606 | D:5      | You fall into a shaft and drop 3 floors!
  3640 | D:7      | Reached skill level 13 in Axes
  3946 | D:6      | Reached skill level 5 in Fighting
  4043 | D:6      | Reached XP level 9. HP: 68/74 MP: 9/9
  4687 | D:6      | Reached skill level 5 in Armour
  4687 | D:6      | Reached skill level 5 in Shields
  4896 | D:6      | Found a staircase to the Ecumenical Temple.
  5035 | D:7      | Noticed Duvessa
  5036 | D:7      | Noticed Dowan
  5052 | D:7      | Killed Dowan
  5055 | D:7      | Slain by Duvessa

Illustrated notes

Levels and vault maps discovered:
D:1:      ldierk_walled_garden_2, layout_rooms
D:2:      layout_rooms, basic_altar, serial_bayou_pond_b, minmay_lizard_king
D:3:      cheibrodos_greedy_goblins, layout_rooms, serial_co_window_serial,
          co_window_paths_a, co_window_paths_a, co_window_corner_a,
          co_window_paths_b, co_window_of_opportunity_a, co_window_cross_1,
          co_window_paths_a, co_window_paths_a, co_window_corner_a,
          co_window_broadway_b, co_window_unsneaky_path_d, co_window_cross_3,
          co_window_cross_3, glass_columns_a, glass_columns_a, glass_columns_c,
          glass_columns_a, glass_columns_b
D:4:      layout_rooms, kennysheep_slug_shrine
D:5:      layout_basic, minmay_checkerbox, uniq_pikel, uniq_blork_the_orc,
          uniq_ijyb
D:6:      layout_basic, minmay_temple_entry_fiery, reono_crystal_passage
D:7:      layout_cave_pods, uniq_prince_ribbit1, uniq_duvessa
D:8:      layout_basic

Skill      XL: |  1  2  3  4  5  6  7  8  9 |
---------------+----------------------------+-----
Axes           | 3 4 6 7 9 11 13 | 13.2
Fighting       | 4 5 6 |  6.3
Armour         | 4 5 |  5.2
Shields        | 4 5 |  5.2

Action                     |  1- 3 |  4- 6 |  7- 9 || total
---------------------------+-------+-------+-------++-------
  Melee: War axe           |   103 |   145 |   208 ||   456
    Use: Scroll            |     1 |    11 |     2 ||    14
         Potion            |       |       |     2 ||     2
 Armour: Scale mail        |    41 |       |       ||    41
         Chain mail        |     2 |    83 |    85 ||   170
  Dodge: Dodged            |    39 |    48 |    44 ||   131
  Block: Kite shield       |    38 |    70 |    67 ||   175
         Buckler           |     1 |       |       ||     1
